Workbook

Sheet Presupuesto
A1: ASEOS IFEMA PALACIO MUNICIPAL
A2: Presupuesto
A3: Código | B3: Nat | C3: Ud | D3: Resumen | E3: Comentario | F3: N | G3: Longitud | H3: Anchura | I3: Altura | J3: Parcial | K3: CanPres | L3: PrPres | M3: ImpPres
A4: 01_DEM | B4: Capítulo | D4: PROTECCIONES Y DEMOLICIONES
A5: IF01.01 | B5: Partida | C5: PA | D5: PROTECCION DE ZONAS COMUNES
D6: Protección de zonas comunes de rellano de planta mediante tapado de suelos y montacargas con tableros de madera, plásticos, moqueta ferial y en caso necesario con otros materiales que protejan de golpes durante el transcurso de los trabajos hasta su finalización, tapado por medios manuales. Incluso reposiciones si fuese necesario y medios auxiliares para su instalación.
F8: 1 | J8: 430
J9: IF01.01 | K9: 1 | M9: =K9*L9 -> 0
A10: R03DRT041 | B10: Partida | C10: m2 | D10: DESMONTAJE FALSO TECHO DESMONTABLE CON RECUPERACIÓN
D11: Desmontaje de falsos techos desmontables de paneles de escayola, fibra, madera, chapa o material similar; realizado por medios manuales, con recuperación y aprovechamiento máximo del material desmontado, apilado y traslado a almacén de IFEMA, incluso limpieza y retirada de escombros a pie de carga, sin transporte al vertedero. No se incluyen medidas de seguridad ni medios de elevación.
E12: huella de aseos | F12: 1 | G12: 43.87 | H12: 0 | I12: 0 | J12: =F12*(G12+ (G12= 0))*(H12+ (H12= 0))*(I12+ (I12= 0)) -> 43.87
J13: R03DRT041 | K13: =SUM(J12:J12) -> 43.87 | M13: =K13*L13 -> 0
A15: E01DPP021 | B15: Partida | C15: m2 | D15: DEMOLICIÓN SOLADO BALDOSAS A MANO
D16: Demolición de pavimentos de baldosas hidráulicas, de terrazo, cerámicas o de gres, por medios manuales y mecánicos, incluso corte preciso con radial en encuentro con pavimento a mantener, limpieza y retirada de escombros a pie de carga, sin transporte a vertedero o planta de reciclaje y con parte proporcional de medios auxiliares, sin medidas de protección colectivas. Medición de superficie realmente ejecutada.
E17: huella de aseos | F17: 1 | G17: 43.87 | H17: 0 | I17: 0 | J17: =F17*(G17+ (G17= 0))*(H17+ (H17= 0))*(I17+ (I17= 0)) -> 43.87
J18: E01DPP021 | K18: =SUM(J17:J17) -> 43.87 | M18: =K18*L18 -> 0
A20: IF.01.C03 | B20: Partida | C20: ud | D20: DEMOLICION DE CAJAS ELECTRICAS EN SUELO
D21: Desmontaje de caja empotrada en suelo por medios manuales, incluso tubos y mecanismos existentes, con condena de cableado y canalizacion existente, i/p.p. de material auxiliar, limpieza y retirada de escombros a pie de carga, sin transporte a vertedero y con p.p. de medios auxiliares. | E21: cajas existentes en la zona de actuación
F22: 2 | J22: =F22*(G22+ (G22= 0))*(H22+ (H22= 0))*(I22+ (I22= 0)) -> 2
J23: IF.01.C03 | K23: =SUM(J22:J22) -> 2 | M23: =K23*L23 -> 0
A25: E01DPW051 | B25: Partida | C25: m2 | D25: DEMOLICIÓN RECRECIDO MORTERO <10 cm C/MARTILLO ELÉCTRICO
D26: Demolición de recrecido de mortero de hasta 10 cm de espesor, con martillo eléctrico, incluso limpieza y retirada de escombros a pie de carga, sin transporte a vertedero o planta de reciclaje y con parte proporcional de medios auxiliares, sin medidas de protección colectivas. Medición de superficie realmente ejecutada.
E27: huella de aseos | F27: 1 | G27: 43.87 | H27: 0 | I27: 0 | J27: =F27*(G27+ (G27= 0))*(H27+ (H27= 0))*(I27+ (I27= 0)) -> 43.87
J28: E01DPW051 | K28: =SUM(J27:J27) -> 43.87 | M28: =K28*L28 -> 0
J30: 01_DEM | K30: 1 | L30: =M9+M13+M18+M23+M28 -> 0 | M30: =K30*L30 -> 0
A32: 02_ALB | B32: Capítulo | D32: ALBAÑILERÍA, ESTRUCTURA Y FALSOS TECHOS
A33: E05AAT201 | B33: Partida | C33: m | D33: TUBO ESTRUCTURAL RECTANGULAR 150X50X3 mm
D34: Tubo estructural rectangular, tipo S355 J2H RHS 150x50x3 mm, con uniones soldadas, i/p.p. de transporte, despuntes y dos manos de imprimación con pintura de minio de plomo totalmente montado, según CTE-DB-SE-A y EAE. Acero con marcado CE y DdP (Declaración de prestaciones) según Reglamento (UE) 305/2011. | E34: estructura cerramiento perimetral:
E35: verticales en puertas | F35: 4 | G35: 0 | H35: 0 | I35: 4.2 | J35: =F35*(G35+ (G35= 0))*(H35+ (H35= 0))*(I35+ (I35= 0)) -> 16.8
E36: verticales extremos | F36: 2 | G36: 0 | H36: 0 | I36: 4.2 | J36: =F36*(G36+ (G36= 0))*(H36+ (H36= 0))*(I36+ (I36= 0)) -> 8.4
E37: horizontales sobre puertas | F37: 2 | G37: 0.83 | H37: 0 | I37: 0 | J37: =F37*(G37+ (G37= 0))*(H37+ (H37= 0))*(I37+ (I37= 0)) -> 1.66
J38: E05AAT201 | K38: =SUM(J35:J37) -> 26.86 | M38: =K38*L38 -> 0
A40: E05AAT211 | B40: Partida | C40: m | D40: DURMIENTE/ZUNCHO PERFIL UPN 200
D41: Durmiente/zuncho conformado con acero laminado S275 JR, en perfiles laminados en caliente, UPN 200, mediante uniones soldadas; i/p.p. de soldaduras, cortes, piezas especiales, despuntes y dos manos de imprimación con pintura de minio de plomo, montado y colocado, según NTE-EAS/EAV, CTE-DB-SE-A y EAE. Acero con marcado CE y DdP (Declaración de prestaciones) según Reglamento (UE) 305/2011.
E42: durmiente | F42: 1 | G42: 9.46 | H42: 0 | I42: 0 | J42: =F42*(G42+ (G42= 0))*(H42+ (H42= 0))*(I42+ (I42= 0)) -> 9.46
F43: 1 | G43: 7.17 | H43: 0 | I43: 0 | J43: =F43*(G43+ (G43= 0))*(H43+ (H43= 0))*(I43+ (I43= 0)) -> 7.17
E44: zuncho coronación | F44: 1 | G44: 9.46 | H44: 0 | I44: 0 | J44: =F44*(G44+ (G44= 0))*(H44+ (H44= 0))*(I44+ (I44= 0)) -> 9.46
F45: 1 | G45: 7.17 | H45: 0 | I45: 0 | J45: =F45*(G45+ (G45= 0))*(H45+ (H45= 0))*(I45+ (I45= 0)) -> 7.17
J46: E05AAT211 | K46: =SUM(J42:J45) -> 33.26 | M46: =K46*L46 -> 0
A48: E05AAT221 | B48: Partida | C48: m | D48: TUBO CUADRADO ABIERTO 15x40x40x1,5 mm
D49: Suministro y colocación de estructura espacial metálica realizada con perfiles estándares de chapa perfilada de tubo cuadrado abierto 15x40x40x1,5 mm, mediante uniones soldadas; i/p.p. de soldaduras, cortes, piezas especiales, despuntes y dos manos de imprimación con pintura de minio de plomo, montado y colocado, según CTE-DB-SE-A y EAE. Acero con marcado CE y DdP (Declaración de prestaciones) según Reglamento (UE) 305/2011.
E50: para trasdosar
E51: verticales | F51: 42 | G51: 0 | H51: 0 | I51: 3.7 | J51: =F51*(G51+ (G51= 0))*(H51+ (H51= 0))*(I51+ (I51= 0)) -> 155.4
F52: 2 | G52: 0 | H52: 0 | I52: 1.5 | J52: =F52*(G52+ (G52= 0))*(H52+ (H52= 0))*(I52+ (I52= 0)) -> 3
E53: horizontales
E54: suelo | F54: 1 | G54: 9.46 | H54: 0 | I54: 0 | J54: =F54*(G54+ (G54= 0))*(H54+ (H54= 0))*(I54+ (I54= 0)) -> 9.46
F55: 1 | G55: 7.17 | H55: 0 | I55: 0 | J55: =F55*(G55+ (G55= 0))*(H55+ (H55= 0))*(I55+ (I55= 0)) -> 7.17
E56: techo | F56: 1 | G56: 9.46 | H56: 0 | I56: 0 | J56: =F56*(G56+ (G56= 0))*(H56+ (H56= 0))*(I56+ (I56= 0)) -> 9.46
F57: 1 | G57: 7.17 | H57: 0 | I57: 0 | J57: =F57*(G57+ (G57= 0))*(H57+ (H57= 0))*(I57+ (I57= 0)) -> 7.17
E58: sobre puertas | F58: 2 | G58: 0.85 | H58: 0 | I58: 0 | J58: =F58*(G58+ (G58= 0))*(H58+ (H58= 0))*(I58+ (I58= 0)) -> 1.7
E59: sobre cabinas | F59: 1 | G59: 4.9 | H59: 0 | I59: 0 | J59: =F59*(G59+ (G59= 0))*(H59+ (H59= 0))*(I59+ (I59= 0)) -> 4.9
F60: 1 | G60: 4.01 | H60: 0 | I60: 0 | J60: =F60*(G60+ (G60= 0))*(H60+ (H60= 0))*(I60+ (I60= 0)) -> 4.01
F61: 2 | G61: 0.73 | H61: 0 | I61: 0 | J61: =F61*(G61+ (G61= 0))*(H61+ (H61= 0))*(I61+ (I61= 0)) -> 1.46
J62: E05AAT221 | K62: =SUM(J50:J61) -> 203.73 | M62: =K62*L62 -> 0
A64: E05AAT222 | B64: Partida | C64: m | D64: TUBO RECTANGULAR ABIERTO 8x20x40x1,5 mm
D65: Suministro y colocación de estructura espacial metálica realizada con perfiles estándares de chapa perfilada de tubo rectangular abierto 8x20x40x1,5 mm, mediante uniones soldadas; i/p.p. de soldaduras, cortes, piezas especiales, despuntes y dos manos de imprimación con pintura de minio de plomo, montado y colocado, según CTE-DB-SE-A y EAE. Acero con marcado CE y DdP (Declaración de prestaciones) según Reglamento (UE) 305/2011.
E66: para encimera | F66: 1 | G66: 4.91 | H66: 0 | I66: 0 | J66: =F66*(G66+ (G66= 0))*(H66+ (H66= 0))*(I66+ (I66= 0)) -> 4.91
F67: 1 | G67: 4.04 | H67: 0 | I67: 0 | J67: =F67*(G67+ (G67= 0))*(H67+ (H67= 0))*(I67+ (I67= 0)) -> 4.04
F68: 22 | G68: 0.51 | H68: 0 | I68: 0 | J68: =F68*(G68+ (G68= 0))*(H68+ (H68= 0))*(I68+ (I68= 0)) -> 11.22
J69: E05AAT222 | K69: =SUM(J66:J68) -> 20.17 | M69: =K69*L69 -> 0
A71: E07YAW201 | B71: Partida | C71: m2 | D71: TRASDOSADO DIRECTO PYL PLACA HIDRÓF. (15H1+15A)
D72: Trasdosado autoportante de sistema de paneles de yeso laminado (PYL), fijado a estructura espacial de tubo cuadrado abierto, medida en partida anterior, con una modulación de 400/600 mm de separación a ejes entre montantes; sobre la cual se atornillan 1 placa hidrófuga de baja absorción (Tipo H1 según UNE EN 520) de 15 mm de espesor y 1 placa estándar (Tipo A según UNE EN 520) de 15 mm de espesor. Totalmente terminado para acabado mínimo Nivel Q1 ó Q2, listo para imprimar, revestir, pintar o decorar; i/p.p. de tratamientos de juntas, esquinas y huecos, pasos de instalaciones, pastas, cintas, guardavivos, tornillería, bandas de estanqueidad, limpieza y retirada de escombros a pie de carga, sin transporte a vertedero y con p.p. de medios auxiliares. Conforme a UNE 102043:2013, ATEDY y NTE-PTP. Medido deduciendo huecos mayores a 2 m2.
E73: interior aseos
E74: módulo izda | F74: 1 | G74: 3.64 | H74: 0 | I74: 3.7 | J74: =F74*(G74+ (G74= 0))*(H74+ (H74= 0))*(I74+ (I74= 0)) -> 13.468
F75: 1 | G75: 4.9 | H75: 0 | I75: 3.7 | J75: =F75*(G75+ (G75= 0))*(H75+ (H75= 0))*(I75+ (I75= 0)) -> 18.13
F76: 1 | G76: 1.52 | H76: 0 | I76: 3.7 | J76: =F76*(G76+ (G76= 0))*(H76+ (H76= 0))*(I76+ (I76= 0)) -> 5.624
E77: mod.dcha | F77: 1 | G77: 2.23 | H77: 0 | I77: 3.7 | J77: =F77*(G77+ (G77= 0))*(H77+ (H77= 0))*(I77+ (I77= 0)) -> 8.251
F78: 1 | G78: 4.03 | H78: 0 | I78: 3.7 | J78: =F78*(G78+ (G78= 0))*(H78+ (H78= 0))*(I78+ (I78= 0)) -> 14.911
F79: 1 | G79: 1.52 | H79: 0 | I79: 3.7 | J79: =F79*(G79+ (G79= 0))*(H79+ (H79= 0))*(I79+ (I79= 0)) -> 5.624
E80: ext.sobre puertas | F80: 0 | G80: 0.85 | H80: 0 | I80: 1.5 | J80: =F80*(G80+ (G80= 0))*(H80+ (H80= 0))*(I80+ (I80= 0)) -> 0
E81: exterior aseos | F81: 1 | G81: 22.25 | I81: 3.7 | J81: =F81*(G81+ (G81= 0))*(H81+ (H81= 0))*(I81+ (I81= 0)) -> 82.325
J82: E07YAW201 | K82: =SUM(J73:J81) -> 148.333 | M82: =K82*L82 -> 0
A84: E07YAS070 | B84: Partida | C84: m2 | D84: TRASDOSADOS AUTOPORTANTE PYL PLACA ESTÁNDAR (2x15A)+70 c/400 mm
D85: Trasdosado autoportante de sistema de paneles de yeso laminado (PYL), formado por una estructura de acero galvanizado, de canales horizontales de 70 mm de ancho y montantes verticales, con una modulación de 400 mm de separación a ejes entre montantes; y sobre la cual se atornillan 2 placas estándar (Tipo A según UNE EN 520) de 15 mm de espesor. Totalmente terminado para acabado mínimo Nivel Q1 ó Q2, listo para imprimar, revestir, pintar o decorar; i/p.p. de tratamientos de juntas, esquinas y huecos, pasos de instalaciones, pastas, cintas, guardavivos, tornillería, bandas de estanqueidad, limpieza y retirada de escombros a pie de carga, sin transporte a vertedero y con p.p. de medios auxiliares. Conforme a UNE 102043:2013, ATEDY y NTE-PTP. Medido deduciendo huecos mayores a 2 m2.
E86: exterior trasera módulo izda | F86: 1 | G86: 5.07 | H86: 0 | I86: 3.7 | J86: =F86*(G86+ (G86= 0))*(H86+ (H86= 0))*(I86+ (I86= 0)) -> 18.759
E87: exterior trasera módulo dcha | F87: 1 | G87: 7.12 | H87: 0 | I87: 3.7 | J87: =F87*(G87+ (G87= 0))*(H87+ (H87= 0))*(I87+ (I87= 0)) -> 26.344
J88: E07YAS070 | K88: =SUM(J86:J87) -> 45.103 | M88: =K88*L88 -> 0
A90: E07YAS120 | B90: Partida | C90: m2 | D90: TRASDOSADOS AUTOPORTANTE PYL PLACA HIDRÓF. (15H1+15A)+70 c/400 m
D91: Trasdosado autoportante de sistema de paneles de yeso laminado (PYL), formado por una estructura de acero galvanizado, de canales horizontales de 70 mm de ancho y montantes verticales, con una modulación de 400 mm de separación a ejes entre montantes; y sobre la cual se atornillan 1 placa hidrófuga de baja absorción (Tipo H1 según UNE EN 520) de 15 mm de espesor y 1 placa estándar (Tipo A según UNE EN 520) de 15 mm de espesor. Totalmente terminado para acabado mínimo Nivel Q1 ó Q2, listo para imprimar, revestir, pintar o decorar; i/p.p. de tratamientos de juntas, esquinas y huecos, pasos de instalaciones, pastas, cintas, guardavivos, tornillería, bandas de estanqueidad, limpieza y retirada de escombros a pie de carga, sin transporte a vertedero y con p.p. de medios auxiliares. Conforme a UNE 102043:2013, ATEDY y NTE-PTP. Medido deduciendo huecos mayores a 2 m2.
E92: interior trasera módulo izda | F92: 1 | G92: 3.99 | H92: 0 | I92: 3.7 | J92: =F92*(G92+ (G92= 0))*(H92+ (H92= 0))*(I92+ (I92= 0)) -> 14.763
E93: interior trasera módulo dcha | F93: 1 | G93: 6.48 | H93: 0 | I93: 3.7 | J93: =F93*(G93+ (G93= 0))*(H93+ (H93= 0))*(I93+ (I93= 0)) -> 23.976
J94: E07YAS120 | K94: =SUM(J92:J93) -> 38.739 | M94: =K94*L94 -> 0
A96: E07YMC090 | B96: Partida | C96: m2 | D96: TABIQUE PYL PLACA DOBLE HIDRÓF. (13H1+13A)+48+(13A+13H1) c/400 m
D97: Tabique de sistema de paneles de yeso laminado (PYL) de placa múltiple, formado por 1 una placa hidrófuga de baja absorción (Tipo H1 según UNE EN 520) de 13 mm de espesor y 1 placa estándar (Tipo A según UNE EN 520) de 13 mm de espesor atornillada a cada lado de una estructura de acero galvanizado, de canales horizontales de 48 mm de ancho y montantes verticales, con una modulación de 400 mm de separación a ejes entre montantes, con aislamiento térmico-acústico en el interior del tabique formado por panel de lana mineral (MW). Totalmente terminado para acabado mínimo Nivel Q1 ó Q2, listo para imprimar, revestir, pintar o decorar; i/p.p. de tratamientos de juntas, esquinas y huecos, pasos de instalaciones, pastas, cintas, guardavivos, tornillería, bandas de estanqueidad, limpieza y retirada de escombros a pie de carga, sin transporte a vertedero y con p.p. de medios auxiliares. Conforme a UNE 102043:2013, ATEDY y NTE-PTP. Medido deduciendo huecos mayores a 2 m2. Compatible con particiones P4.2 según el Catálogo de Elementos Constructivos del CTE.
E98: espesor total 100 mm
E99: módulo izda | F99: 1 | G99: 1.47 | H99: 0 | I99: 3.7 | J99: =F99*(G99+ (G99= 0))*(H99+ (H99= 0))*(I99+ (I99= 0)) -> 5.439
E100: módulo dcha | F100: 1 | G100: 0.8 | H100: 0 | I100: 2.5 | J100: =F100*(G100+ (G100= 0))*(H100+ (H100= 0))*(I100+ (I100= 0)) -> 2
J101: E07YMC090 | K101: =SUM(J98:J100) -> 7.439 | M101: =K101*L101 -> 0
A103: E07YMC050 | B103: Partida | C103: m2 | D103: TABIQUE PYL PLACA DOBLE HIDRÓF. 1 CARA (13H1+13A)+48+(2x13A) c/4
D104: Tabique de sistema de paneles de yeso laminado (PYL) de placa múltiple, formado por 1 una placa hidrófuga de baja absorción (Tipo H1 según UNE EN 520) de 13 mm de espesor y 1 placa estándar (Tipo A según UNE EN 520) de 13 mm de espesor atornillada a una cara; y 2 placas estándar (Tipo A según UNE EN 520) de 13 mm de espesor al otro lado de una estructura de acero galvanizado, de canales horizontales de 48 mm de ancho y montantes verticales, con una modulación de 400 mm de separación a ejes entre montantes, con aislamiento térmico-acústico en el interior del tabique formado por panel de lana mineral (MW). Totalmente terminado para acabado mínimo Nivel Q1 ó Q2, listo para imprimar, revestir, pintar o decorar; i/p.p. de tratamientos de juntas, esquinas y huecos, pasos de instalaciones, pastas, cintas, guardavivos, tornillería, bandas de estanqueidad, limpieza y retirada de escombros a pie de carga, sin transporte a vertedero y con p.p. de medios auxiliares. Conforme a UNE 102043:2013, ATEDY y NTE-PTP. Medido deduciendo huecos mayores a 2 m2. Compatible con particiones P4.2 según el Catálogo de Elementos Constructivos del CTE.
E105: espesor total 100 mm
E106: módulo izda | F106: 1 | G106: 1.2 | H106: 0 | I106: 3.7 | J106: =F106*(G106+ (G106= 0))*(H106+ (H106= 0))*(I106+ (I106= 0)) -> 4.44
F107: 1 | G107: 0.4 | H107: 0 | I107: 3.7 | J107: =F107*(G107+ (G107= 0))*(H107+ (H107= 0))*(I107+ (I107= 0)) -> 1.48
E108: módulo dcha | F108: 1 | G108: 1.42 | H108: 0 | I108: 3.7 | J108: =F108*(G108+ (G108= 0))*(H108+ (H108= 0))*(I108+ (I108= 0)) -> 5.254
F109: 2 | G109: 0.52 | H109: 0 | I109: 3.7 | J109: =F109*(G109+ (G109= 0))*(H109+ (H109= 0))*(I109+ (I109= 0)) -> 3.848
J110: E07YMC050 | K110: =SUM(J105:J109) -> 15.022 | M110: =K110*L110 -> 0
A112: E07YSS080 | B112: Partida | C112: m2 | D112: TABIQUE PYL PLACA SENCILLA HIDRÓFUGA 15H1+70+15H1 c/400 mm AISLA
D113: Tabique de sistema de paneles de yeso laminado (PYL), formado por 1 placa estándar (Tipo A según UNE EN 520) de 15 mm de espesor atornillada a cada lado de una estructura de acero galvanizado, de canales horizontales de 70 mm de ancho y montantes verticales, con una modulación de 400 mm de separación a ejes entre montantes, con aislamiento térmico-acústico en el interior del tabique formado por panel de lana mineral (MW). Totalmente terminado para acabado mínimo Nivel Q1 ó Q2, listo para imprimar, revestir, pintar o decorar; i/p.p. de tratamientos de juntas, esquinas y huecos, pasos de instalaciones, pastas, cintas, guardavivos, tornillería, bandas de estanqueidad, limpieza y retirada de escombros a pie de carga, sin transporte a vertedero y con p.p. de medios auxiliares. Conforme a UNE 102043:2013, ATEDY y NTE-PTP. Medido deduciendo huecos mayores a 2 m2. Compatible con particiones P4.3 según el Catálogo de Elementos Constructivos del CTE.
E114: espesor total 100 mm
E115: división cabinas | F115: 3 | G115: 1.42 | H115: 0 | I115: 3.7 | J115: =F115*(G115+ (G115= 0))*(H115+ (H115= 0))*(I115+ (I115= 0)) -> 15.762
...

Sheet Resumen
A1: ASEOS PALACIO IFEMA.
A2: Presupuesto
A3: Código | B3: Resumen | D3: ImpPres
A4: 01_DEM | B4: DEMOLICIONES | D4: =Presupuesto!M30 -> 0
A5: 02_ALB | B5: ALBAÑILERÍA, ESTRUCTURA Y FALSOS TECHOS | D5: =Presupuesto!M188 -> 0
A6: 03_PAV | B6: PAVIMENTOS | D6: =Presupuesto!M201 -> 0
A7: 04_ALI | B7: ALICATADOS | D7: =Presupuesto!M233 -> 0
A8: 05_CARP | B8: CARPINTERÍA Y VIDRIO | D8: =Presupuesto!M278 -> 0
A9: 06_ELE | B9: ELECTRICIDAD | D9: =D12 -> 0
A10: EL01.1 | B10: CUADRO DE PROTECCIÓN | D10: =Presupuesto!M286 -> 0
A11: EL01.2 | B11: DISTRIBUCIÓN INTERIOR | D11: =Presupuesto!M356 -> 0
B12: 06_ELE | D12: =SUM(D10:D11) -> 0
A14: 07_FON | B14: FONTANERÍA | D14: =Presupuesto!M390 -> 0
A15: 08_SAN | B15: SANEAMIENTO | D15: =Presupuesto!M453 -> 0
A16: 09_APS | B16: APARATOS SANITARIOS | D16: =Presupuesto!M483 -> 0
A17: 10_VEN | B17: VENTILACIÓN | D17: =Presupuesto!M501 -> 0
A18: 11_PIN | B18: PINTURAS | D18: =Presupuesto!M532 -> 0
A19: 12_ACC | B19: ACCESORIOS | D19: =Presupuesto!M590 -> 0
A20: 13_VAR | B20: VARIOS | D20: =Presupuesto!M610 -> 0
A21: 14_GRC | B21: GESTIÓN DE RESIDUOS | D21: =Presupuesto!M625 -> 0
A22: 15_SYS | B22: SEGURIDAD Y SALUD | D22: =Presupuesto!M632 -> 850
B23: TOTAL EJECUCIÓN MATERIAL | D23: =D4+D5+D6+D7+D8+D12+SUM(D14:D21) -> 0
B25: 13,00% Gastos Generales | C25: =D23*0.13 -> 0
B26: 6,00% Beneficio Industrial | C26: =D23*0.06 -> 0
B27: SUMA DE G.G. y B.I. | D27: =C25+C26 -> 0
B29: TOTAL PRESUPUESTO CONTRATA | D29: =SUM(D23:D28)+D22 -> 850
B31: TOTAL PRESUPUESTO GENERAL | D31: =D29 -> 850
